AoeStats
← tomwilmore

Arena

510632269Analyzed
1v1 RM · 19h ago on Oct 1, 2026· 97m 33s· 2 players
Game mode
Random Map
Map size
Tiny (2 player)
Population
200
Speed
Normal
Resources
Standard
Victory
Conquest
Starting age
Dark Age
Ending age
Imperial Age
RankedLock teamsTeams togetherTeam positionsShared explorationLock speedFull tech treeHidden civsTurbo modeCheats
Victory
Defeat
🇬🇧 Inca · United Kingdom
591
+27
🇨🇷 Slavs · Costa Rica
616
-17
tomwilmore
9:13 Loom
12:15 Feudal Age
16:03 Fletching
18:02 Double-Bit Axe
18:11 Gold Mining
22:44 Castle Age
21:15 Padded Archer Armor
22:15 Scale Mail Armor
22:14 Horse Collar
23:21 Wheelbarrow
24:45 Crossbowman
25:32 Thumb Ring
27:12 Gold Shaft Mining
28:55 Hand Cart
30:01 Town Watch
37:02 Imperial Age
34:41 Town Patrol
35:11 Andean Sling
38:10 Bow Saw
38:35 Heavy Plow
38:38 Champi Runner
38:49 Capped Ram
39:17 Arbalester
40:06 Champi Warrior
40:49 Squires
40:36 Arson
42:45 Forging
42:50 Chain Mail Armor
42:51 Leather Archer Armor
42:31 Bodkin Arrow
43:13 Elite Champi Warrior
44:26 Elite Champi Warrior
47:29 Murder Holes
49:27 Siege Ram
53:19 Pikeman
54:43 Halberdier
56:14 Plate Mail Armor
56:14 Ring Archer Armor
55:45 Bracer
56:20 Iron Casting
56:26 Iron Casting
57:03 Chemistry
74:16 Crop Rotation
PaladinBizantin
10:08 Feudal Age
11:28 Wheelbarrow
16:14 Castle Age
15:52 Double-Bit Axe
15:50 Horse Collar
16:36 Gold Mining
16:37 Stone Mining
20:19 Loom
22:22 Hand Cart
22:17 Town Watch
24:26 Heavy Plow
25:23 Fletching
25:56 Bow Saw
27:46 Scale Barding Armor
29:18 Detinets
33:49 Imperial Age
35:00 Conscription
37:03 Chemistry
36:24 Ballistics
36:16 Fortified Wall
36:47 Hoardings
35:41 Capped Ram
36:57 Siege Ram
37:01 Onager
39:10 Two-Man Saw
38:43 Crop Rotation
38:31 Pikeman
39:13 Squires
44:52 Druzhina
45:44 Forging
52:03 Guard Tower
52:09 Murder Holes
52:27 Masonry
52:00 Halberdier
56:08 Iron Casting
55:55 Chain Barding Armor
55:32 Bodkin Arrow
62:41 Blast Furnace
62:18 Plate Barding Armor
61:46 Scale Mail Armor
67:00 Man-at-Arms
70:41 Long Swordsman
73:17 Siege Engineers
72:40 Two-Handed Swordsman
73:36 Champion
84:01 Chain Mail Armor
86:10 Plate Mail Armor
Connection lost

Rejoining the realm…

Still unreachable

The connection could not be restored.

Session expired

The server has moved on; the page needs a fresh start.